 Dungeon Crawl Stone Soup version 0.30-b1-2-g02819fbbbe (webtiles) character file.

Game seed: 9131562751702623029

27174 raph the Geomancer (level 13, -1/74 HPs)
             Began as a Deep Elf Earth Elementalist on Aug 25, 2023.
             Was an Elder of Sif Muna.
             Slain by a dream sheep (16 damage)
             ... on level 3 of the Lair of Beasts.
             The game lasted 00:33:20 (21359 turns).

raph the Geomancer (Deep Elf Earth Elementalist)   Turns: 21359, Time: 00:33:21

Health: -1/74      AC: 18    Str:  5    XL:     13   Next: 2%
Magic:  11/27      EV:  2    Int: 35    God:    Sif Muna [****..]
Gold:   1056       SH:  0    Dex: 20    Spells: 13/29 levels left

rFire   x . .        o - +9 flail "Gyommeshresch" {freeze, rF- Int+3 Dex+5}
rCold   . . .        (no shield)
rNeg    . . .        D - +3 acid dragon scales
rPois   +            J - +2 hat
rElec   .            p - +2 cloak
rCorr   +            l - +2 pair of gloves
SInv    .            (no boots)
Will    +....        j - amulet of reflection
Stlth   +++          y - ring "Camiagov" {rPois EV+5}
HPRegen 0.32/turn    T - +6 ring of intelligence
MPRegen 0.20/turn

%: reflection
@: sleeping, very slightly contaminated
A: no striking features
a: Renounce Religion, Channel Magic, Forget Spell, Divine Exegesis


You were on level 3 of the Lair of Beasts.
You worshipped Sif Muna.
Sif Muna was greatly pleased with you.
You visited 3 branches of the dungeon, and saw 15 of its levels.

You collected 1056 gold pieces.

Inventory:

Hand Weapons
 d - a +1 short sword of protection
 o - the +9 flail "Gyommeshresch" (weapon) {freeze, rF- Int+3 Dex+5}
   (You found it on level 4 of the Dungeon)

   Int:       It affects your intelligence (+3).
   Dex:       It affects your dexterity (+5).
   rF:        It makes you vulnerable to fire.
 O - a +0 battleaxe of venom
Missiles
 E - 2 throwing nets
 I - 12 poisoned darts
 L - a curare-tipped dart
 N - 5 javelins
Armour
 a - a +0 helmet
 l - a +2 pair of gloves (worn)
 p - a +2 cloak (worn)
 D - +3 acid dragon scales (worn)
 J - a +2 hat (worn)
Jewellery
 j - an amulet of reflection (around neck)
 y - the ring "Camiagov" (left hand) {rPois EV+5}
   (You acquired it on level 6 of the Dungeon)

   [ring of evasion]

   EV:        It affects your evasion (+5).
   rPois:     It protects you from poison.
 A - a ring of ice
 G - a ring of see invisible
 P - a ring of willpower
 T - a +6 ring of intelligence (right hand)
Wands
 n - a wand of flame (48)
 s - a wand of mindburst (18)
 t - a wand of charming (4)
 v - a wand of acid (12)
 F - a wand of iceblast (14)
 R - a wand of digging (6)
Scrolls
 f - 5 scrolls of vulnerability
 g - 3 scrolls of poison
 k - 2 scrolls of immolation
 r - 2 scrolls of brand weapon
 w - 2 scrolls of enchant weapon
 H - 2 scrolls of amnesia
 M - 5 scrolls of teleportation
 Q - 4 scrolls of identify
 S - a scroll of fog
Potions
 b - 4 potions of magic
 c - 4 potions of attraction
 e - 4 potions of might
 h - 8 potions of curing
 i - 4 potions of haste
 m - 2 potions of mutation
 q - 2 potions of brilliance
 u - 2 potions of lignification
 x - 3 potions of berserk rage
 z - 2 potions of resistance
 B - 3 potions of cancellation
 C - a potion of flight
 K - 2 potions of heal wounds


   Skills:
 + Level 5.7 Fighting
 + Level 5.1 Armour
 + Level 8.9 Dodging
 + Level 5.9 Stealth
 + Level 8.5 Spellcasting
 + Level 8.9 Conjurations
 * Level 9.3 Hexes
 - Level 1.1 Transmutations
 + Level 12.3 Earth Magic
 + Level 7.6 Invocations
 + Level 5.2 Evocations


You had 13 spell levels left.
You knew the following spells:

 Your Spells              Type           Power      Damage    Failure   Level
a - Sandblast             Erth           100%       2d20      1%          1
b - Passwall              Tmut/Erth      48%        N/A       1%          2
c - Stone Arrow           Conj/Erth      100%       3d13      1%          3
d - Petrify               Tmut/Erth      58%        N/A       3%          4
e - Tukima's Dance        Hex            69%        N/A       1%          3
f - Confusing Touch       Hex            69%        N/A       1%          3

Your spell library contained the following spells:

 Spells                   Type           Power      Damage    Failure   Level
 Slow                     Hex            100%       N/A       1%          1
 Portal Projectile        Hex/Tloc       94%        N/A       2%          3
 Wereblood                Tmut           22%        N/A       5%          2
 Sublimation of Blood     Necr           14%        N/A       9%          2
 Vampiric Draining        Necr           14%        2d7       17%         3
 Blade Hands              Tmut           11%        N/A       71%         5
 Conjure Ball Lightning   Conj/Air       23%        3x3d6     80%         6
 Summon Hydra             Summ           7%         N/A       100%        7
 Discord                  Hex            34%        N/A       100%        8
 Disjunction              Tloc           7%         N/A       100%        8


Dungeon Overview and Level Annotations

Branches:
Dungeon (11/15)            Temple (1/1) D:7            Lair (3/5) D:8
  Swamp (0/4) Lair:2        Snake (0/4) Lair:2          Orc (0/2) D:11

Altars:
Ashenzari
Cheibriados
Elyvilon
Fedhas
Gozag
Kikubaaqudgha
Makhleb
Nemelex Xobeh
Okawaru
Qazlal
Ru
Sif Muna
Uskayaw
Vehumet
Wu Jian
Xom
Yredelemnul
The Shining One

Annotations:
D:6 exclusion: oklob plant
D:7 2 transporters, Mesmaeker13's ghost, novice SpBr
Lair:2 exclusion: oklob plant
Lair:3 1 runed translucent door, Anon1729's ghost, journeyman MiMo


Message History

The dream sheep misses you. The dream sheep completely misses you.
Casting: Petrify (dangerous; 3% risk of failure)
Confirm with . or Enter, or press ? or * to list all spells.
Aiming: Petrify (dangerous; 3% risk of failure)
Press: ? - help, Shift-Dir - straight line, f/p - dream sheep
Aim: a dream sheep (chance to affect: 67%)
The dream sheep struggles to resist.
The dream sheep completely misses you. The dream sheep closely misses you.
The dream sheep attacks as you move away!
The dream sheep bites you but does no damage.
Casting: Petrify (dangerous; 3% risk of failure)
Confirm with . or Enter, or press ? or * to list all spells.
Aiming: Petrify (dangerous; 3% risk of failure)
Press: ? - help, Shift-Dir - straight line, f/p - dream sheep
Aim: a dream sheep (chance to affect: 67%)
The dream sheep is moving more slowly.
The dream sheep bites you but does no damage.
Casting: Petrify (dangerous; 3% risk of failure)
Confirm with . or Enter, or press ? or * to list all spells.
Aiming: Petrify (dangerous; 3% risk of failure)
Press: ? - help, Shift-Dir - straight line, f/p - dream sheep
Aim: a dream sheep (petrifying slowly, chance to affect: 67%)
You miscast Petrify.
You are very lightly contaminated with residual magic.
You are blasted with sand.
The dream sheep ruffle their wool and motes of dream dust sparkle, to no effect.
The dream sheep shake their wool and sparkle.
You feel drowsy...
You fall asleep.
The dream sheep stops moving altogether!
The dream sheep bites you!!
You wake up.
* * * LOW HITPOINT WARNING * * *
Okay, then.
You see here a gnoll skeleton.
The dream sheep attacks as you move away!
The dream sheep misses you.
The dream sheep shake their wool and sparkle.
You feel drowsy...
You fall asleep.
The dream sheep completely misses you. The dream sheep bites you!
You die...

...... #.#......#
..P...##........#
F......#.#......#
.........#......#
......##........#
..##..P... ###......#
.....^... ###...##
........ ####..P#
....... #..@).####
....?# ##Y####..#
.....# #.Y......#
#P..##### ##...>...##
##.......# #........#
#......Y## ##.......#
##......## #Y.......#
........P####........#
.........P...#.......#


You could see 3 dream sheep.

Vanquished Creatures
  Gastronok (D:9)
  A hydra (Lair:2)
  A boulder beetle (D:11)
  3 two-headed ogres
  Urug (D:11)
  2 skysharks
  A swamp dragon (Lair:2)
  Pikel (D:4)
  2 cyclopes (D:11)
  An ugly thing (D:10)
  A manticore (D:11)
  An orange demon (Lair:1)
  2 black mambas (Lair:2)
  Maggie (D:8)
  5 cane toads
  An unseen horror (D:10)
  2 rime drakes
  3 komodo dragons (Lair:2)
  A polar bear (Lair:2)
  2 hornets (D:9)
  8 blink frogs
  14 yaks
  A wyvern (Lair:2)
  A basilisk (Lair:1)
  2 vampire mosquitoes (D:11)
  4 steam dragons
  Menkaure (D:7)
  3 nagas (Lair:2)
  7 water moccasins
  4 acid dragons
  Duvessa (D:7)
  7 sky beasts
  5 orc warriors
  8 ice beasts
  An ogre (D:4)
  2 centaurs
  8 wolves
  A phantom (D:6)
  2 kobold brigands
  Blork the orc (D:6)
  11 bullfrogs
  3 gnoll sergeants
  5 scorpions
  3 wights (D:10)
  7 killer bees
  Dowan (D:7)
  An electric eel (D:7)
  A howler monkey (D:7)
  3 hounds
  3 jellies
  4 gnoll boudas
  A sleepcap (D:8)
  5 orc priests
  Natasha (thrice) (D:3)
  5 iguanas
  5 orc wizards
  4 hell rats (Lair:2)
  11 adders
  30 gnolls
  A white imp (D:4)
  6 worms
  5 dart slugs
  18 orcs
  6 ball pythons
  4 bats
  8 endoplasms
  4 giant cockroaches
  6 goblins
  8 hobgoblins
  7 jackals
  9 kobolds
  4 quokkas
  4 frilled lizards
  6 rats
  A spectral orc (D:4)
  A butterfly (Lair:3)
318 creatures vanquished.

Vanquished Creatures (collateral kills)
  A two-headed ogre (D:10)
  Amaemon (D:8)
  An orc knight (D:11)
  A vampire mosquito (D:11)
  A naga (Lair:2)
  An orc warrior (D:11)
  A gnoll sergeant (D:9)
  2 wights (D:10)
  5 gnolls
  2 orcs (D:11)
  3 kobolds
19 creatures vanquished.

Vanquished Creatures (others)
  A dream sheep (Lair:3)
  14 dancing weapons
  A demonic plant (D:1)
  17 fungi
  31 plants
64 creatures vanquished.

Grand Total: 401 creatures vanquished

Notes
Turn   | Place    | Note
-------+----------+-------------------------------------------
     0 | D:1      | raph the Deep Elf Earth Elementalist began the quest for
                  | the Orb.
     0 | D:1      | Reached XP level 1. HP: 10/10 MP: 6/6
   147 | D:1      | Found a faded altar of an unknown god.
   206 | D:1      | Reached XP level 2. HP: 13/15 MP: 4/8
   417 | D:1      | You fall into a shaft and drop 1 floor!
   460 | D:2      | Reached skill level 4 in Earth Magic
   466 | D:2      | Learned a level 2 spell: Passwall
   512 | D:2      | Reached XP level 3. HP: 15/19 MP: 3/10
   829 | D:2      | Reached XP level 4. HP: 24/24 MP: 10/12
   838 | D:2      | Learned a level 3 spell: Stone Arrow
   992 | D:2      | Reached skill level 5 in Earth Magic
  1185 | D:1      | Learned a level 4 spell: Petrify
  2158 | D:3      | Noticed Natasha
  2165 | D:3      | Killed Natasha
  2275 | D:3      | Reached XP level 5. HP: 28/28 MP: 10/13
  2682 | D:3      | Found an ornate altar of the Wu Jian Council.
  2689 | D:3      | Noticed Natasha
  2694 | D:3      | Killed Natasha
  2695 | D:3      | Reached skill level 6 in Earth Magic
  2776 | D:3      | Noticed Natasha
  2779 | D:3      | Killed Natasha
  2873 | D:3      | Found a shimmering blue altar of Sif Muna.
  2882 | D:3      | Became a worshipper of Sif Muna the Loreminder
  3062 | D:4      | Learned a level 3 spell: Tukima's Dance
  3065 | D:4      | Noticed a lemure
  3065 | D:4      | Noticed Pikel
  3069 | D:4      | Noticed a lemure
  3070 | D:4      | Killed Pikel
  3071 | D:4      | Reached skill level 1 in Fighting
  3071 | D:4      | Reached skill level 5 in Spellcasting
  3071 | D:4      | Reached skill level 7 in Earth Magic
  3071 | D:4      | Reached skill level 1 in Invocations
  3071 | D:4      | Reached XP level 6. HP: 34/34 MP: 4/16
  3071 | D:4      | Reached XP level 7. HP: 38/38 MP: 4/17
  3277 | D:4      | Identified the +9 flail "Gyommeshresch" {freeze, rF- Int+3
                  | Dex+5}
  3773 | D:4      | Found an iron altar of Okawaru.
  4309 | D:4      | Reached XP level 8. HP: 44/44 MP: 8/19
  4509 | D:4      | Found a basalt altar of Yredelemnul.
  4720 | D:4      | Reached * piety under Sif Muna
  4960 | D:4      | Found a burning altar of Makhleb.
  4962 | D:4      | Noticed a balrug
  5004 | D:5      | Entered Level 5 of the Dungeon
  5110 | D:5      | Found an ancient bone altar of Kikubaaqudgha.
  5712 | D:5      | Reached skill level 1 in Conjurations
  5729 | D:5      | Reached skill level 8 in Earth Magic
  6158 | D:5      | Found a sparkling altar of Nemelex Xobeh.
  6267 | D:6      | Found a hide-covered altar of Uskayaw.
  6328 | D:6      | Found a snail-covered altar of Cheibriados.
  6997 | D:6      | Found a blossoming altar of Fedhas.
  7017 | D:6      | Noticed an oklob plant
  7049 | D:6      | Reached skill level 1 in Armour
  7191 | D:6      | Found a sacrificial altar of Ru.
  7280 | D:6      | Noticed Blork the orc
  7285 | D:6      | Killed Blork the orc
  7286 | D:6      | Reached skill level 5 in Dodging
  7404 | D:6      | Reached XP level 9. HP: 43/49 MP: 0/21
  7538 | D:6      | Identified a scroll of acquirement
  7538 | D:6      | Acquired the ring "Camiagov" {rPois EV+5}
  7872 | D:7      | Found a staircase to the Ecumenical Temple.
  7881 | D:7      | Noticed Duvessa
  7884 | D:7      | Noticed Dowan
  7887 | D:7      | Killed Duvessa
  7890 | D:7      | Reached skill level 5 in Hexes
  8218 | D:6      | Reached skill level 9 in Earth Magic
  8397 | Temple   | Entered the Ecumenical Temple
  8559 | D:7      | Reached ** piety under Sif Muna
  8562 | D:7      | Killed Dowan
  8580 | D:7      | Noticed Menkaure
  8711 | D:7      | Killed Menkaure
  8789 | D:7      | Noticed Mesmaeker13's ghost (novice SpBr)
  8797 | D:7      | Found a transporter.
  8801 | D:7      | Found a transporter.
  8872 | D:7      | Found a glowing golden altar of the Shining One.
  9161 | D:7      | Found a broken altar of Ashenzari.
  9818 | D:8      | Noticed a rime drake
 10005 | D:8      | Noticed Maggie
 10011 | D:8      | Killed Maggie
 10012 | D:8      | Reached XP level 10. HP: 56/56 MP: 5/23
 10305 | D:8      | Reached skill level 5 in Invocations
 10441 | D:8      | Reached skill level 10 in Earth Magic
 10485 | D:8      | Reached skill level 5 in Conjurations
 10485 | D:8      | Found a staircase to the Lair.
 10680 | D:8      | Found an opulent altar of Gozag.
 11060 | D:8      | Reached skill level 1 in Evocations
 11357 | D:9      | Noticed Gastronok
 11368 | D:9      | Killed Gastronok
 11805 | D:9      | Found a broken altar of Ashenzari.
 11867 | D:9      | Reached XP level 11. HP: 56/61 MP: 9/24
 12159 | D:9      | Found a glowing golden altar of the Shining One.
 12384 | D:9      | Reached *** piety under Sif Muna
 13567 | D:10     | Entered Level 10 of the Dungeon
 13590 | D:10     | Noticed a two-headed ogre
 13590 | D:10     | Noticed a two-headed ogre
 13598 | D:10     | Killed a two-headed ogre
 13611 | D:10     | Killed a two-headed ogre
 13612 | D:10     | Reached skill level 11 in Earth Magic
 13717 | D:10     | Noticed a red ugly thing
 13747 | D:10     | Killed a red ugly thing
 14635 | D:11     | Noticed a two-headed ogre
 14641 | D:11     | Noticed a boulder beetle
 14835 | D:11     | Noticed Urug
 14995 | D:11     | Killed a boulder beetle
 15121 | D:11     | Noticed an orc knight
 15124 | D:11     | Reached **** piety under Sif Muna
 15140 | D:11     | Killed an orc knight
 15289 | D:11     | Killed a two-headed ogre
 15688 | D:11     | Noticed a two-headed ogre
 15698 | D:11     | Killed a two-headed ogre
 15699 | D:11     | Reached skill level 5 in Fighting
 15699 | D:11     | Reached XP level 12. HP: 68/68 MP: 5/25
 15988 | D:11     | Found a staircase to the Orcish Mines.
 16041 | D:11     | Learned a level 3 spell: Confusing Touch
 16316 | D:11     | Killed Urug
 16485 | Lair:1   | Entered Level 1 of the Lair of Beasts
 16485 | Lair:1   | Noticed Amaemon
 16521 | D:8      | Killed Amaemon
 17557 | Lair:1   | Reached skill level 12 in Earth Magic
 18237 | Lair:1   | Reached skill level 5 in Stealth
 19448 | Lair:2   | Found a staircase to the Swamp.
 19456 | Lair:2   | Noticed a four-headed hydra
 19465 | Lair:2   | Killed a four-headed hydra
 19466 | Lair:2   | Reached skill level 5 in Evocations
 19657 | Lair:2   | Found a staircase to the Snake Pit.
 19684 | Lair:2   | Reached skill level 5 in Armour
 20796 | Lair:3   | Found a runed translucent door.
 20796 | Lair:3   | Noticed Anon1729's ghost (journeyman MiMo)
 21094 | Lair:3   | Reached XP level 13. HP: 74/74 MP: 17/27
 21359 | Lair:3   | Slain by a dream sheep

Illustrated notes

Levels and vault maps discovered:
D:1:      nicolae_arrival_somewhat_less_tricky_arrival, layout_basic,
          shapermc_ecumenical_altar_gd
D:2:      layout_basic
D:3:      layout_basic, mainiacjoe_overflow_surrounded_room, lemuel_round_altar,
          fountainhead, serial_bayou_crossing, uniq_natasha
D:4:      minmay_angry_zag, layout_loops_corners, mainiacjoe_overflow_paths,
          yredelemnul_forgotten_temple_becter, makhleb_altar_promises_db,
          uniq_pikel
D:5:      layout_basic, nemelex_diamond_rough_becter, kennysheep_mini
D:6:      layout_gridville, tgw_fedhas,
          mainiacjoe_overflow_concentric_impassable,
          mainiacjoe_overflow_catwalk_spiral, uniq_blork_the_orc
D:7:      layout_cave_pools, minmay_temple_entry_trees, gammafunk_ghost_hive,
          hangedman_feature_mirror, kennysheep_crisscross, uniq_duvessa,
          uniq_menkaure
D:8:      layout_basic, mainiacjoe_overflow_24_doors, hellmonk_lair_entry_icy,
          uniq_maggie
D:9:      layout_stronghold, tso_oasis_becter, ashenzari_altar_1, uniq_gastronok
D:10:     layout_rooms
D:11:     layout_basic, orc_david_3, serial_corexii_hall,
          chequers_hall_statues_y, corexii_hall_statues_l, uniq_urug
Temple:   nicolae_temple_colour_theory
Lair:1:   layout_roguey, uniq_amaemon
Lair:2:   layout_cellular_growth, minmay_swamp_entry_reptiles,
          minmay_snake_entry_guardpost_small, gauntlet_entry_generic
Lair:3:   layout_roguey, ebering_ghost_reflecting_pool,
          dreamdust_gnoll_shepherd, grunt_megastairs_4,
          infiniplex_staircase_pool, lemuel_fruit_fields

Skill      XL: |  1  2  3  4  5  6  7  8  9 10 11 12 |
---------------+-------------------------------------+-----
Earth Magic    | 4 5 7 8 9 10 11 12 | 12.3
Spellcasting   | 4 5 6 7 8 |  8.5
Fighting       | 1 2 3 4 5 |  5.7
Dodging        | 3 4 5 6 7 8 |  8.9
Hexes          | 2 3 4 5 7 8 9 |  9.3
Invocations    | 1 2 3 4 5 6 7 |  7.6
Conjurations   | 2 4 6 7 8 |  8.9
Armour         | 1 2 3 4 5 |  5.1
Evocations     | 1 3 5 |  5.2
Stealth        | 4 5 |  5.9
Transmutations | |  1.1

Action                     |  1- 3 |  4- 6 |  7- 9 | 10-12 | 13-15 || total
---------------------------+-------+-------+-------+-------+-------++-------
  Melee: Unarmed           |     1 |       |       |       |       ||     1
         Flail             |       |       |     3 |    41 |       ||    44
  Throw: Dart              |       |       |       |     3 |       ||     3
         Throwing net      |       |       |       |     1 |       ||     1
   Cast: Sandblast         |    34 |    48 |    46 |   156 |       ||   284
         Stone Arrow       |       |    15 |   134 |   215 |     9 ||   373
         Petrify           |       |       |     6 |    53 |     5 ||    64
         Tukima's Dance    |       |       |    10 |    63 |     1 ||    74
         Confusing Touch   |       |       |       |     3 |       ||     3
 Invoke: Channel Magic     |       |       |     1 |    11 |       ||    12
  Evoke: Wand              |       |     2 |     4 |    11 |     1 ||    18
    Use: Scroll            |     2 |     6 |     8 |    19 |       ||    35
         Potion            |       |       |     1 |       |       ||     1
   Stab: Petrifying        |       |       |       |     2 |       ||     2
         Petrified         |       |       |       |     7 |       ||     7
         Sleeping          |       |       |       |     1 |       ||     1
 Armour: Robe              |     1 |     5 |     2 |       |       ||     8
         Leather armour    |       |       |    21 |       |       ||    21
         Acid dragon scale |       |       |       |    82 |     8 ||    90
  Dodge: Dodged            |     9 |     3 |    55 |   255 |     9 ||   331
  Block: Other             |       |     1 |    17 |    60 |       ||    78
         Reflection        |       |       |     1 |     4 |       ||     5
